 Dungeon Crawl Stone Soup version 0.28.0 (webtiles) character file.

Game seed: 1487386473946944947

22 Drazool the Skirmisher (level 2, -2/24 HPs)
             Began as a Demonspawn Fighter on Feb 16, 2022.
             Slain by Sigmund (5 damage)
             ... on level 2 of the Dungeon.
             The game lasted 00:03:04 (1801 turns).

Drazool the Skirmisher (Demonspawn Fighter)         Turns: 1801, Time: 00:03:05

Health: -2/24      AC:  4    Str: 18    XL:     2   Next: 68%
Magic:  2/2        EV:  6    Int:  9    God:
Gold:   33         SH:  4    Dex: 12    Spells: 1/1 levels left

rFire   . . .      SeeInvis .   a - +1 flail
rCold   . . .      Faith    .   c - +0 buckler
rNeg    . . .      Spirit   .   e - +0 chain mail
rPois   .          Reflect  .   (no helmet)
rElec   .          Harm     .   (no cloak)
rCorr   .          Rampage  .   (no gloves)
Will    .....      Rnd*Tele +   (no boots)
Stlth   ..........              (no amulet)
HPRegen 0.08/turn               (no ring)
MPRegen 0.08/turn               (no ring)

@: mighty
A: weakness stinger 1, deformed body, strong 1, teleportitis 1, wild magic 1
a: no special abilities


You were on level 2 of the Dungeon.
You visited 1 branch of the dungeon, and saw 2 of its levels.

You collected 33 gold pieces.


Innate Abilities, Weirdness & Mutations

You have a small tail.
Armour fits poorly on your strangely shaped body.
Your muscles are strong. (Str +2)
You are occasionally teleported next to monsters.
Your spells are a little harder to cast, but a little more powerful.


   Skills:
 - Level 3.0 Fighting
 + Level 3.0 Maces & Flails
 - Level 2.6 Armour
 - Level 2.6 Shields


You had one spell level left.
You didn't know any spells.
Your spell library was empty.

Inventory:

Hand Weapons
 a - a +1 flail (weapon)
Armour
 b - a +0 scale mail
 c - a +0 buckler (worn)
 e - a +0 chain mail (worn)

Dungeon Overview and Level Annotations

Branches:
Dungeon (2/15)

Altars:

Annotations:
D:2 Sigmund

..###########
#.#..#...†..#
#.#..#.####.#
#.#<..@{....# #
#.####.#...##
#.#......+...+
#.#......#...########
#...@................
###.#################
#.............
#.#.##..###### # #@.#


There were no monsters in sight!


Message History

HP restored.
You feel very mighty all of a sudden.
You climb downwards.
Level annotation: Sigmund Sigmund gestures at you while chanting.
You are confused.
There is a stone staircase leading up here.
It was a potion of mutation.
You feel extremely strange.
You feel less in control of your magic.
Your body twists and deforms.
You feel weirdly uncertain.
You feel stronger.
You bump into the rock wall.
Sigmund mumbles some strange words.
Sigmund flickers and vanishes!
Deactivating autopickup; reactivate with Ctrl-A.
You hear some strange, mumbled words.
A puff of flame appears from out of thin air!
The puff of flame hits you.
You closely miss something.
You feel less confused.
You hear some strange, mumbled words.
A magic dart appears from out of thin air!
The magic dart hits you. Something hits you.
* * * LOW HITPOINT WARNING * * *
You miss something. You tail-slap something.
You hear some strange, mumbled words.
A magic dart appears from out of thin air!
The magic dart hits you!
* * * LOW HITPOINT WARNING * * *
You barely miss something. Something hits you.
You die...

Skill      XL: |  1  2 |
---------------+-------+-----
Maces & Flails | 2 3 |  3.0
Fighting       | |  3.0
Armour         | |  2.6
Shields        | |  2.6

Action                   || total
-------------------------++-------
Melee: Flail             ||    67
       Tailslap          ||     2
  Use: Scroll            ||     3
       Potion            ||     2
Armor: Scale mail        ||    37
Dodge: Dodged            ||    24
Block: Buckler           ||    24

Levels and vault maps discovered:
D:1:      dpeg_arrival_three_bigger_balls, layout_basic, lemuel_flame_loot_1
D:2:      layout_basic, dreamdust_ecumenical_altar_grove, basic_altar,
          uniq_terence, uniq_sigmund

Notes
Turn   | Place    | Note
-------+----------+-------------------------------------------
     0 | D:1      | Drazool the Demonspawn Fighter began the quest for the Orb.
     0 | D:1      | Reached XP level 1. HP: 18/18 MP: 1/1
   100 | D:1      | Reached skill level 2 in Maces & Flails
   367 | D:1      | Gained mutation: You have a small tail. [demonic ancestry]
   367 | D:1      | Reached XP level 2. HP: 14/24 MP: 2/2
  1719 | D:2      | Reached skill level 3 in Maces & Flails
  1747 | D:2      | Noticed Sigmund
  1794 | D:2      | Gained mutation: Your spells are a little harder to cast,
                  | but a little more powerful. [potion of mutation]
  1794 | D:2      | Gained mutation: Armour fits poorly on your strangely
                  | shaped body. [potion of mutation]
  1794 | D:2      | Gained mutation: You are occasionally teleported next to
                  | monsters. [potion of mutation]
  1794 | D:2      | Gained mutation: Your muscles are strong. (Str +2) [potion
                  | of mutation]
  1800 | D:2      | HP: 2/24 [something/magic dart (7)]
  1801 | D:2      | Slain by Sigmund

Vanquished Creatures
  2 endoplasms (D:1)
  2 giant cockroaches (D:1)
  2 hobgoblins
  3 jackals (D:1)
  3 quokkas (D:1)
  2 ball pythons (D:1)
  A bat (D:1)
  2 goblins (D:1)
  A rat (D:1)
18 creatures vanquished.

Vanquished Creatures (others)
  A bat (D:1)
1 creature vanquished.

Grand Total: 19 creatures vanquished

Table legend: (Time is in decaauts)
 A = Elapsed time spent in this place.
 B = Non-inter-level travel time spent in this place.
 C = Inter-level travel time spent in this place.
 D = Time resting spent in this place.
 E = Time spent auto-exploring this place.
 F = Levels seen in this place.
 G = Mean time per level.
                   A        B        C        D        E       F      G
               +--------+--------+--------+--------+--------+-----+--------+
         Total |   1823 |   1817 |      6 |    547 |   1037 |   2 |  911.5 |
       Dungeon |   1823 |   1817 |      6 |    547 |   1037 |   2 |  911.5 |
               +--------+--------+--------+--------+--------+-----+--------+

Top non-repeatable levels by time:
     D:1: 1767 daAuts
     D:2: 55 daAuts

Table legend:
 A = Non-vault XP
 B = Vault XP
 C = Vault XP percentage of total XP
 D = Non-vault monster count
 E = Vault monster count
 F = Vault count percentage of total count
                 A         B        C        D         E       F
            +---------+---------+-------+---------+---------+-------
      Total |      32 |       0 |   0.0 |      18 |       0 |   0.0
            +---------+---------+-------+---------+---------+-------
        D:1 |      30 |       0 |   0.0 |      17 |       0 |   0.0
        D:2 |       2 |       0 |   0.0 |       1 |       0 |   0.0
            +---------+---------+-------+---------+---------+-------
